 Dungeon Crawl Stone Soup version 0.21-a0-321-g91e3373 (webtiles) character file.

9 tilp the Firebug (level 2, 0/20 HPs)
             Began as a Hill Orc Fire Elementalist on Sept 30, 2017.
             Killed from afar by a dart slug (1 damage)
             ... with a slug dart
             ... on level 1 of the Dungeon.
             The game lasted 00:01:22 (483 turns).

tilp the Firebug (Hill Orc Fire Elementalist)        Turns: 483, Time: 00:01:23

Health: 0/20       AC:  2    Str: 10    XL:     2   Next: 12%
Magic:  4/4        EV: 12    Int: 15    God:
Gold:   10         SH:  0    Dex: 11    Spells: 1/4 levels left

rFire    . . .     SeeInvis .   a - -2 dagger (curse)
rCold    . . .     Gourm    .   (no shield)
rNeg     . . .     Faith    .   d - +0 robe
rPois    .         Spirit   .   (no helmet)
rElec    .         Reflect  .   (no cloak)
rCorr    .         Harm     .   (no gloves)
MR       .....                  (no boots)
Stlth    ++........             (no amulet)
HPRegen  0.06/turn              (no ring)
MPRegen  0.09/turn              (no ring)

@: no status effects
A: no striking features
a: no special abilities


You were on level 1 of the Dungeon.
You were not hungry.

You visited 1 branch of the dungeon, and saw 1 of its levels.

You collected 10 gold pieces.

Inventory:

Hand Weapons
 a - a cursed -2 dagger (weapon)
 g - a +1 spear of venom
Missiles
 e - a stone (quivered)
Armour
 d - a +0 robe (worn)
Scrolls
 i - a scroll of enchant weapon {unknown}
Books
 b - a book of Flames

   Spells                             Type                      Level
   a - Flame Tongue                   Conjuration/Fire             1
   b - Throw Flame                    Conjuration/Fire             2
   c - Conjure Flame                  Conjuration/Fire             3
   d - Inner Flame                    Hexes/Fire                   3
   e - Sticky Flame                   Conjuration/Fire             4
   f - Fireball                       Conjuration/Fire             5
Comestibles
 c - a bread ration
 f - a royal jelly
 h - a chunk of flesh


   Skills:
 - Level 1.5 Dodging
 - Level 1.5 Stealth
 + Level 1.9 Spellcasting
 + Level 1.3 Conjurations
 + Level 3.4 Fire Magic


You had one spell level left.
You knew the following spells:

 Your Spells              Type           Power        Failure   Level  Hunger
a - Flame Tongue          Conj/Fire      #....        9%          1    ##.....
b - Throw Flame           Conj/Fire      #.....       13%         2    ###....


Dungeon Overview and Level Annotations

Branches:
Dungeon (1/15)

Altars:


Message History

The hobgoblin closely misses you.
You hit the hobgoblin.
You kill the hobgoblin!
You see here a hobgoblin corpse.
You butcher the hobgoblin corpse.
h - a chunk of flesh You start resting.
Your magical contamination has completely faded away.
Magic restored.
i - a scroll labeled QETRAUL LECEZA A dart slug comes into view.
The dart slug launches a dart at you. The slug dart hits you!
* * * LOW HITPOINT WARNING * * *
The dart slug launches a dart at you. The slug dart hits you!
* * * LOW HITPOINT WARNING * * *
The dart slug launches a dart at you. The slug dart hits you!
You die...

≈.§....#.##.##.####
........÷##.##.#######
............##.......#
≈≈≈...#..#####.......#
≈≈≈≈≈≈#..#####.......#
.≈≈≈≈≈#..............#
......#.######.......#
.........# #.......#
.# .........#
#..@....###..
########.#
####.####...# #.#
#.......#.# #.#
#.........#
#.#######........#.w
#...............w#..
#########...........
#........#. #........#


You could see a dart slug.

Vanquished Creatures
  2 giant cockroaches (D:1)
  A hobgoblin (D:1)
  2 jackals (D:1)
  A frilled lizard (D:1)
  A kobold (D:1)
  A rat (D:1)
8 creatures vanquished.

Notes
Turn   | Place    | Note
-------+----------+-------------------------------------------
     0 | D:1      | tilp the Hill Orc Fire Elementalist began the quest for the Orb.
     0 | D:1      | Reached XP level 1. HP: 14/14 MP: 3/3
   134 | D:1      | Reached XP level 2. HP: 3/20 MP: 0/4
   138 | D:1      | Learned a level 2 spell: Throw Flame
   480 | D:1      | HP: 1/20 [dart slug/slug dart (6)]
   483 | D:1      | Killed from afar by a dart slug

Vault maps used:
D:1:      dpeg_arrival_chase, minmay_surrounded

Action                   || total
-------------------------++-------
Melee: Dagger            ||    26
 Cast: Flame Tongue      ||     9
  Use: Scroll            ||     1
Armor: Robe              ||     7
Dodge: Dodged            ||    29

Table legend:
 A = Spawn XP
 B = Non-spawn XP
 C = Spawn XP percentage of total XP
 D = Spawn monster count
 E = Non-spawn monster count
 F = Spawn count percentage of total count
 G = Total turns spent on level
                    A         B        C        D         E        F      G
               +---------+---------+-------+---------+---------+-------+---------
         Total |       0 |      13 |   0.0 |       0 |       8 |   0.0 |   483
               +---------+---------+-------+---------+---------+-------+---------
           D:1 |       0 |      13 |   0.0 |       0 |       8 |   0.0 |   483
               +---------+---------+-------+---------+---------+-------+---------
